AoeStats
← Maslive

Nomad

510645951Analyzed
2v2 RM · 1d ago on Oct 2, 2026· 53m 59s· 4 players
Game mode
Random Map
Map size
176×176
Population
200
Speed
Normal
Resources
Standard
Victory
Conquest
Starting age
Dark Age
Ending age
Imperial Age
RankedLock teamsTeams togetherTeam positionsShared explorationLock speedFull tech treeHidden civsTurbo modeCheats
Victory
Defeat
🇺🇸 Spanish · United States
1298
+13
🇨🇴 Persians · Colombia
1182
+18
🇺🇸 Celts · United States
1256
-17
🇺🇸 Huns · United States
1185
-14
stiks510
5:28 Loom
13:21 Feudal Age
14:00 Double-Bit Axe
20:12 Castle Age
20:51 Horse Collar
21:23 Bow Saw
23:23 Heavy Plow
23:54 Fishing Lines
30:14 Stone Mining
33:36 Imperial Age
36:05 Chemistry
35:07 Town Watch
35:12 Light Cavalry
36:10 Scale Barding Armor
36:41 Medium Warships
38:52 Wheelbarrow
44:50 Conscription
46:41 Husbandry
46:54 Bloodlines
51:53 Elite Conquistador
53:27 Padded Archer Armor
_Jincho_
4:05 Loom
11:58 Feudal Age
16:10 Castle Age
21:22 Double-Bit Axe
21:18 Horse Collar
25:28 Bow Saw
25:19 Heavy Plow
26:07 Bow Saw
26:52 Fishing Lines
28:16 Wheelbarrow
30:26 Imperial Age
27:42 Town Watch
27:59 Gold Mining
28:14 Gillnets
29:31 Scale Barding Armor
29:37 Forging
29:45 Stone Mining
30:31 Gold Shaft Mining
30:42 Husbandry
30:53 Bloodlines
31:44 Ballistics
32:27 Chemistry
31:49 Chain Barding Armor
31:26 Cavalier
35:15 Plate Barding Armor
35:12 Murder Holes
35:10 Fletching
36:13 Iron Casting
39:08 Conscription
38:54 Padded Archer Armor
39:55 Blast Furnace
39:35 Ballistics
40:46 Squires
40:31 Arson
43:40 Light Cavalry
44:25 Hussar
Maslive
14:34 Feudal Age
17:18 Loom
21:40 Castle Age
21:58 Double-Bit Axe
26:45 Husbandry
26:56 Bloodlines
30:31 Horse Collar
31:06 Forging
32:01 Scale Barding Armor
33:01 Wheelbarrow
35:01 Chain Barding Armor
35:15 Heavy Plow
40:54 Imperial Age
38:41 Hand Cart
40:08 Murder Holes
40:17 Town Watch
41:26 Cavalier
44:38 Iron Casting
44:48 Plate Barding Armor
45:10 Paladin
buzzkill
5:05 Loom
14:29 Feudal Age
15:12 Double-Bit Axe
19:47 Castle Age
20:52 Bow Saw
21:19 Wheelbarrow
20:10 Pikeman
21:51 Husbandry
30:06 Fletching
34:55 Imperial Age
33:51 Hand Cart
34:03 Bodkin Arrow
35:08 Halberdier
36:22 Heavy Scorpion
39:05 Chemistry
43:40 Ballistics
45:10 Onager
Connection lost

Rejoining the realm…

Still unreachable

The connection could not be restored.

Session expired

The server has moved on; the page needs a fresh start.